 Dungeon Crawl Stone Soup version 0.30-a0-715-gdb4ae3ece1 (webtiles) character file.

Game seed: 9416673614450016260

116210 Newt the Basher (level 16, -3/114 HPs)
             Began as a Demonspawn Gladiator on Jan 24, 2023.
             Was the Champion of Makhleb.
             Slain by a deep elf knight
             ... wielding a +0 scimitar
              (12 damage)
             ... on level 2 of the Elven Halls.
             The game lasted 00:43:06 (34916 turns).

Newt the Basher (Demonspawn Gladiator)             Turns: 34916, Time: 00:43:07

Health: -3/114     AC: 40    Str: 22    XL:     16   Next: 20%
Magic:  30/30      EV:  9    Int: 19    God:    Makhleb [******]
Gold:   1906       SH: 10    Dex: 16    Spells: 15/15 levels left

rFire   + . .      SeeInvis +    a - +11 mace "Umnyisk" {venom, rC+ MP+9 Str+2}
rCold   + . .      Faith    +    O - +0 buckler
rNeg    + . .      Spirit   .    l - +6 plate armour of the Armadillo {rN+ Will+ Int+3 SInv}
rPois   .          Reflect  .    H - +2 helmet {Int+3}
rElec   .          Harm     .    (no cloak)
rCorr   +          Rampage  .    G - +1 pair of gloves
Will    ++...                    (no boots) Stlth
                                 n - amulet of faith
HPRegen 0.39/turn                t - ring of resist corrosion
MPRegen 0.22/turn                s - ring of protection from fire

@: sanguine armoured
A: hooves 2, spiny 1, sanguine armour 3, condensation shield, bedeviling, see
invisible, clever 1, frail 1, low MP 2
a: Renounce Religion, Minor Destruction, Lesser Servant of Makhleb, Major
Destruction, Greater Servant of Makhleb


You were on level 2 of the Elven Halls.
You worshipped Makhleb.
Makhleb was exalted by your worship.
You visited 6 branches of the dungeon, and saw 26 of its levels.
You also visited: Ossuary and Gauntlet.

You collected 3278 gold pieces.
You spent 1372 gold pieces at shops.

Inventory:

Hand Weapons
 a - the +11 mace "Umnyisk" (weapon) {venom, rC+ MP+9 Str+2}
   (You found it on level 3 of the Lair of Beasts)

   Str:       It affects your strength (+2).
   rC:        It protects you from cold.
   MP:        It affects your magic capacity (+9).
 b - a +7 mace of electrocution
 A - a +0 trident
 N - the +5 morningstar "Acarineslayer" {pain, SInv}
   (You found it on level 2 of the Elven Halls)

   SInv:      It lets you see invisible.
Missiles
 L - 2 throwing nets (quivered)
Armour
 c - a +0 helmet
 e - +0 acid dragon scales
 j - a +0 hat of stealth
 l - the +6 plate armour of the Armadillo (worn) {rN+ Will+ Int+3 SInv}
   (You bought it in a shop on level 11 of the Dungeon)

   Int:       It affects your intelligence (+3).
   rN:        It protects you from negative energy.
   SInv:      It lets you see invisible.
   Will:      It increases your willpower.
 y - a +6 scale mail of willpower
 G - a +1 pair of gloves (worn)
 H - a +2 helmet of intelligence (worn)
 O - a +0 buckler (worn)
Jewellery
 k - a ring of flight
 m - a ring of fire
 n - an amulet of faith (around neck)
 s - a ring of protection from fire (right hand)
 t - a ring of resist corrosion (left hand)
 v - a +6 ring of dexterity
 x - a ring of ice
Wands
 r - a wand of polymorph (17)
 D - a wand of digging (6)
 I - a wand of paralysis (30)
 J - a wand of flame (64)
 P - a wand of light (2)
 R - a wand of iceblast (21)
Scrolls
 d - 3 scrolls of fear
 f - 6 scrolls of teleportation
 g - a scroll of fog
 p - 5 scrolls of amnesia
 u - 2 scrolls of enchant armour
 Q - a scroll of silence
 S - a scroll of summoning
 U - 2 scrolls of brand weapon
 X - 8 scrolls of identify
 Y - 2 scrolls of enchant weapon
Potions
 h - 2 potions of cancellation
 i - 4 potions of attraction
 o - a potion of heal wounds
 w - 2 potions of mutation
 z - a potion of magic
 B - 2 potions of ambrosia
 C - 3 potions of might
 F - 2 potions of flight
 K - a potion of haste
 M - 10 potions of curing
 T - 3 potions of brilliance
 V - a potion of resistance
Miscellaneous
 q - a phial of floods (inert)
 E - a tin of tremorstones (2/2)
 W - a box of beasts
 Z - a lightning rod (4/4)


   Skills:
 - Level 12.0 Fighting
 - Level 3.3 Short Blades
 - Level 14.0 Maces & Flails
 - Level 1.7 Throwing
 - Level 14.0 Armour
 - Level 6.0 Dodging
 - Level 2.0 Stealth
 - Level 9.0 Shields
 - Level 14.0 Invocations
 + Level 7.2 Evocations


You had 15 spell levels left.
You didn't know any spells.
Your spell library contained the following spells:

 Spells                   Type           Power      Damage    Failure   Level
 Sandblast                Erth           0%         2d4       95%         1
 Sting                    Tmut/Pois      0%         1d3       95%         1
 Passwall                 Tmut/Erth      0%         N/A       98%         2
 Poisonous Vapours        Pois/Air       0%         N/A       98%         2
 Dazzling Flash           Conj/Hex       0%         N/A       100%        3
 Inner Flame              Hex/Fire       0%         N/A       100%        3
 Stone Arrow              Conj/Erth      0%         3d7       100%        3
 Flame Wave               Conj/Fire      0%         2d4       100%        4
 Iskenderun's Mystic Bla  Conj/Tloc      0%         2d3       100%        4
 Olgreb's Toxic Radiance  Pois           0%         N/A       100%        4
 Sticky Flame             Conj/Fire      0%         2d3       100%        4
 Summon Ice Beast         Ice/Summ       0%         N/A       100%        4
 Summon Mana Viper        Hex/Summ       0%         N/A       100%        5
 Conjure Ball Lightning   Conj/Air       0%         3x3d6     100%        6
 Starburst                Conj/Fire      0%         6d3       100%        6
 Monstrous Menagerie      Summ           0%         N/A       100%        7
 Discord                  Hex            0%         N/A       100%        8
 Disjunction              Tloc           0%         N/A       100%        8


Dungeon Overview and Level Annotations

Branches:
Dungeon (15/15)            Temple (1/1) D:4            Lair (5/5) D:8
 Shoals (0/4) Lair:2       Spider (0/4) Lair:3        Slime (1/5) Lair:4
    Orc (2/2) D:12            Elf (2/3) Orc:2        Vaults (0/5) D:14
Ossuary (visited)         Gauntlet (visited)
 Depths: D:15

Altars:
Ashenzari
Cheibriados
Dithmenos
Fedhas
Gozag
Hepliaklqana
Kikubaaqudgha
Makhleb
Nemelex Xobeh
Okawaru
Qazlal
Ru
Sif Muna
Trog
Uskayaw
Vehumet
Wu Jian
Xom
Yredelemnul

Shops:
D:11 [(::   Orc:2 ([[?!   Elf:2 (

Annotations:
Elf:1 2 transporters, Foybonoth's ghost, adept MiFi


Innate Abilities, Weirdness & Mutations

You have hoof-like feet.
You are partially covered in sharp spines.
When seriously injured, your blood forms very thick armour. (AC +12)
A meltable shield of frost defends you. (SH +4)
Your hexes are more powerful.
You have supernaturally acute eyesight. (SInv)
Your mind is acute. (Int +4, Str/Dex -1)
You are frail. (-10% HP)
Your magical capacity is very low. (-20% MP)


Message History

You hit the +4 flail of holy wrath.
The +4 flail of holy wrath is almost destroyed.
The +4 flail of holy wrath hits you but does no damage. x2
The +4 vampiric double sword closely misses you.
You closely miss the +4 flail of holy wrath.
Your kick misses the +4 flail of holy wrath.
The +4 flail of holy wrath is almost destroyed.
The +4 flail of holy wrath hits you but does no damage.
The +4 vampiric double sword is struck by your spines.
The +4 vampiric double sword hits you!!
You miss the +4 flail of holy wrath.
Your kick misses the +4 flail of holy wrath.
The +4 flail of holy wrath is severely damaged.
The +4 flail of holy wrath hits you.
You convulse.
You block the +4 vampiric double sword's attack.
You barely miss the +4 flail of holy wrath.
You kick the +4 flail of holy wrath.
The +4 flail of holy wrath is almost destroyed.
The +4 flail of holy wrath is struck by your spines.
The +4 flail of holy wrath hits you but does no damage.
You block the +4 vampiric double sword's attack.
You closely miss the +4 flail of holy wrath.
Your kick misses the +4 flail of holy wrath.
The +4 flail of holy wrath is almost destroyed.
The +4 flail of holy wrath is struck by your spines.
The +4 flail of holy wrath falls from the air.
Makhleb accepts your kill. The +4 vampiric double sword hits you!!
* * * LOW HITPOINT WARNING * * *
You hit the +4 vampiric double sword but do no damage.
Your kick misses the +4 vampiric double sword.
The +4 vampiric double sword is moderately damaged.
The +4 vampiric double sword closely misses you.
The deep elf knight hits you but does no damage.
You sock the +4 vampiric double sword!
The +4 vampiric double sword is severely damaged.
The +4 vampiric double sword hits you but does no damage.
A demon appears!
The deep elf knight hits you with a +0 scimitar!
You die...

....... ..e...
....... ......
....... ..(.#
....... #...##
....... ....#
....... #..#
.......## ##..##
........###e...#
.........#@(...#
.........)....##
.##...##2.....#
##.# ##...### ##
#####


You could see a deep elf knight (ally target), a +4 vampiric double sword and a
friendly blizzard demon (summoned).

Vanquished Creatures
  Gastronok (D:12)
  Kirke (Lair:4)
  A rockslime (Lair:4)
  2 deep elf sorcerers (Elf:2)
  Nessos (D:12)
  A minotaur (Gauntlet)
  Josephine (D:11)
  Erolcha (D:10)
  Harold (Lair:1)
  4 hydras
  21 dancing weapons
  4 two-headed ogres
  3 boulder beetles
  4 catoblepae (Lair:5)
  2 orc high priests
  17 death yaks
  Nergalle (Lair:3)
  7 deep elf knights
  3 deep elf archers
  26 deep elf pyromancers
  7 deep elf zephyrmancers
  A lindwurm (Lair:3)
  5 orc sorcerers
  3 orc knights (Orc:2)
  2 cyclopes (D:12)
  10 ugly things
  A wolf spider (Lair:3)
  4 manticores
  8 black mambas
  3 elephants
  A gargoyle (D:11)
  4 torpor snails
  15 cane toads
  Maggie (Lair:1)
  A yaktaur (shapeshifter) (D:15)
  Psyche (D:12)
  2 unseen horrors
  4 rime drakes
  5 polar bears
  6 komodo dragons
  5 trolls
  3 hornets
  A hornet (shapeshifter) (D:15)
  8 blink frogs
  A tarantella (shapeshifter) (D:14)
  4 dream sheep (Lair:2)
  5 slime creatures (D:12)
  An air elemental (Elf:2)
  4 shadows (Gauntlet)
  8 wraiths
  9 wyverns
  2 water elementals
  A fire elemental (Elf:2)
  2 hogs (Lair:4)
  3 basilisks
  57 yaks
  A steam dragon (D:7)
  Grum (D:10)
  16 vampire mosquitoes
  3 wargs
  13 water moccasins
  39 orc warriors
  4 ice beasts
  2 black bears
  2 sky beasts (D:7)
  2 ogres
  5 wolves
  21 centaurs
  2 phantoms
  2 kobold brigands
  10 bullfrogs
  2 necrophages
  3 scorpions
  2 earth elementals
  9 wights
  7 killer bees
  3 howler monkeys
  8 electric eels (D:11)
  A hound (D:5)
  A centaur zombie (Ossuary)
  3 human zombies (Ossuary)
  11 orc priests
  5 iguanas
  16 orc wizards
  2 hell rats (D:14)
  2 mummies (Ossuary)
  4 gnolls (D:2)
  8 adders
  2 white imps (D:6)
  An ufetubus (D:5)
  3 worms (D:2)
  69 orcs
  8 bats
  6 endoplasms
  3 giant cockroaches
  2 goblins (D:1)
  6 hobgoblins
  9 jackals (D:1)
  2 quokkas
  6 ball pythons
  4 frilled lizards
  2 gnoll zombies (Ossuary)
  26 kobolds
  2 orc zombies (Ossuary)
  2 rats
663 creatures vanquished.

Vanquished Creatures (collateral kills)
  A death yak (D:7)
  A black mamba (Lair:3)
  An elephant (Lair:3)
3 creatures vanquished.

Vanquished Creatures (others)
  A dancing weapon (Elf:2)
  2 humans (Lair:4)
  16 fungi
  135 plants
154 creatures vanquished.

Grand Total: 820 creatures vanquished

Notes
Turn   | Place    | Note
-------+----------+-------------------------------------------
     0 | D:1      | Newt the Demonspawn Gladiator began the quest for the Orb.
     0 | D:1      | Reached XP level 1. HP: 16/16 MP: 1/1
    87 | D:1      | Reached skill level 1 in Stealth
   160 | D:1      | Gained mutation: When seriously injured, your blood forms
                  | armour. (AC +12) [demonic ancestry]
   160 | D:1      | Reached XP level 2. HP: 22/22 MP: 2/2
   651 | D:1      | Reached XP level 3. HP: 28/28 MP: 3/3
  1205 | D:2      | Reached XP level 4. HP: 24/37 MP: 4/4
  1446 | D:2      | Identified the +2 ring mail of the Dungeon {Str+5}
  2683 | D:3      | Gained mutation: You have large cloven feet. [demonic
                  | ancestry]
  2683 | D:3      | Reached XP level 5. HP: 42/42 MP: 5/5
  2747 | D:4      | Identified a scroll of acquirement
  2747 | D:4      | Acquired 492 gold pieces
  2941 | D:4      | Gained mutation: You are strong-willed. (Will+) [potion of
                  | mutation]
  2941 | D:4      | Gained mutation: You are vulnerable to cold. (rC-) [potion
                  | of mutation]
  2941 | D:4      | Gained mutation: You occasionally shout uncontrollably at
                  | your foes. [potion of mutation]
  3128 | D:4      | Noticed a phantom
  3146 | D:4      | Killed a phantom
  3147 | D:4      | Reached XP level 6. HP: 43/48 MP: 6/6
  3452 | D:4      | Found a snail-covered altar of Cheibriados.
  3533 | D:4      | Found a staircase to the Ecumenical Temple.
  3678 | D:4      | Reached XP level 7. HP: 49/52 MP: 7/7
  3918 | D:5      | Entered Level 5 of the Dungeon
  3922 | D:5      | Reached skill level 5 in Maces & Flails
  3931 | D:5      | Acquired 729 gold pieces
  4147 | D:5      | Noticed a yak
  4148 | D:5      | Noticed a yak
  4161 | D:5      | Noticed a yak
  4168 | D:5      | Killed a yak
  4169 | D:5      | Reached skill level 5 in Fighting
  4169 | D:5      | Killed a yak
  4169 | D:5      | Killed a yak
  4170 | D:5      | Gained mutation: When seriously injured, your blood forms
                  | thick armour. (AC +12) [demonic ancestry]
  4170 | D:5      | Reached XP level 8. HP: 43/64 MP: 8/8
  4223 | D:5      | Found a sand-covered staircase.
  4232 | Ossuary  | Entered an ossuary
  4630 | D:5      | Lost mutation: You are strong-willed. (Will+) [potion of
                  | mutation]
  4630 | D:5      | Lost mutation: You are vulnerable to cold. (rC-) [potion of
                  | mutation]
  4630 | D:5      | Lost mutation: You occasionally shout uncontrollably at
                  | your foes. [potion of mutation]
  4630 | D:5      | Gained mutation: You are strong-willed. (Will+) [potion of
                  | mutation]
  4631 | D:5      | Lost mutation: You are strong-willed. (Will+) [potion of
                  | mutation]
  4631 | D:5      | Gained mutation: You passively dampen the noise of your
                  | surroundings. [potion of mutation]
  4631 | D:5      | Gained mutation: Your spells are a little harder to cast,
                  | but a little more powerful. [potion of mutation]
  4631 | D:5      | Gained mutation: You possess an exceptional clarity of
                  | mind. [potion of mutation]
  4990 | D:6      | Reached skill level 5 in Armour
  5010 | Temple   | Entered the Ecumenical Temple
  5327 | Temple   | Became a worshipper of Makhleb the Destroyer
  5593 | D:6      | Reached XP level 9. HP: 27/69 MP: 9/9
  5998 | D:6      | Reached skill level 5 in Evocations
  7325 | D:7      | Found a sacrificial altar of Ru.
  7752 | D:7      | Reached * piety under Makhleb
  7846 | D:7      | Found a blossoming altar of Fedhas.
  8239 | D:8      | Identified the +2 robe of Lenublie {rElec Str+3}
  8296 | D:8      | Found a staircase to the Lair.
  8296 | D:8      | Noticed a death yak
  8296 | D:8      | Noticed a death yak
  8297 | D:8      | Noticed a death yak
  8608 | D:7      | Killed a death yak
  8609 | D:7      | Gained mutation: You have hoof-like feet. [demonic
                  | ancestry]
  8609 | D:7      | Reached XP level 10. HP: 28/83 MP: 10/10
  8890 | D:7      | Killed a death yak
  9009 | D:8      | Found a broken altar of Ashenzari.
  9057 | D:7      | Killed a death yak
  9397 | D:8      | Noticed a two-headed ogre
  9538 | D:8      | Killed a two-headed ogre
 10464 | Lair:1   | Entered Level 1 of the Lair of Beasts
 10510 | Lair:1   | Noticed a cane toad
 10511 | Lair:1   | Noticed a black mamba
 10514 | Lair:1   | Killed a cane toad
 10515 | Lair:1   | Gained mutation: A meltable shield of frost defends you.
                  | (SH +4) [demonic ancestry]
 10515 | Lair:1   | Reached XP level 11. HP: 71/89 MP: 11/11
 11467 | Lair:1   | Noticed Maggie
 11475 | Lair:1   | Killed Maggie
 11481 | Lair:1   | Reached ** piety under Makhleb
 11721 | Lair:1   | Noticed Harold
 11729 | Lair:1   | Killed Harold
 11730 | Lair:1   | Reached skill level 10 in Maces & Flails
 12525 | Lair:2   | Reached skill level 5 in Dodging
 12575 | Lair:2   | Found a gate leading to a gauntlet.
 12579 | Gauntlet | Entered a Gauntlet
 12579 | Gauntlet | Found a transporter.
 12579 | Gauntlet | Found a transporter.
 12644 | Gauntlet | a guardian serpent changed into a harpy
 12644 | Gauntlet | Noticed a harpy (shapeshifter)
 12646 | Gauntlet | Noticed an orb spider
 12648 | Gauntlet | an orb spider changed into a lindwurm
 12648 | Gauntlet | Noticed a lindwurm (shapeshifter)
 12652 | Gauntlet | Found a transporter.
 12655 | Gauntlet | Found a transporter.
 12655 | Gauntlet | Found a transporter.
 12658 | Gauntlet | Noticed a wizard
 12659 | Gauntlet | Noticed a death yak
 12660 | Gauntlet | Noticed a death yak
 12663 | Gauntlet | Noticed a death yak
 12663 | Gauntlet | Noticed a death yak
 12664 | Gauntlet | Noticed a necromancer
 12664 | Gauntlet | Noticed a wizard
 12665 | Gauntlet | Found a transporter.
 12669 | Gauntlet | Found a transporter.
 12681 | Gauntlet | Noticed a fire crab
 12690 | Gauntlet | Found a transporter.
 12707 | Gauntlet | Found a transporter.
 12711 | Gauntlet | Found a transporter.
 12725 | Gauntlet | Found a transporter.
 12740 | Gauntlet | Noticed a two-headed ogre
 12751 | Gauntlet | a golden eye changed into a harpy
 12751 | Gauntlet | Noticed a harpy (shapeshifter)
 12756 | Gauntlet | a harpy changed into a cane toad
 12797 | Gauntlet | Found a transporter.
 12873 | Gauntlet | Reached skill level 1 in Invocations
 12933 | Gauntlet | Identified the +1 great mace "Yffuad Reno" {heavy, *Rage
                  | rElec rF++ Int+3}
 13239 | Gauntlet | Killed a death yak
 13249 | Gauntlet | Killed a death yak
 13250 | Gauntlet | Reached skill level 5 in Invocations
 13642 | Gauntlet | Noticed a minotaur
 13655 | Gauntlet | Killed a minotaur
 13656 | Gauntlet | Gained mutation: When seriously injured, your blood forms
                  | very thick armour. (AC +12) [demonic ancestry]
 13656 | Gauntlet | Reached XP level 12. HP: 59/97 MP: 15/15
 13656 | Gauntlet | Identified the +0 hand axe "Kocwyt" {freeze, rElec rPois
                  | rF+ Dex+4}
 13696 | Lair:2   | Reached skill level 10 in Fighting
 14700 | Lair:2   | Found a staircase to the Shoals.
 15658 | Lair:3   | Noticed Nergalle
 15673 | Lair:3   | Killed Nergalle
 16131 | Lair:3   | Reached *** piety under Makhleb
 16174 | Lair:3   | Found a hole to the Spider Nest.
 16503 | Lair:3   | Noticed a four-headed hydra
 16510 | Lair:3   | Killed a four-headed hydra
 16520 | Lair:3   | Noticed a six-headed hydra
 16522 | Lair:3   | Noticed a boulder beetle
 16529 | Lair:3   | Killed a six-headed hydra
 16548 | Lair:3   | Killed a boulder beetle
 17152 | Lair:3   | Identified the +11 mace "Umnyisk" {venom, rC+ MP+9 Str+2}
 17561 | Lair:3   | Gained mutation: You are partially covered in sharp spines.
                  | [demonic ancestry]
 17561 | Lair:3   | Reached XP level 13. HP: 108/108 MP: 16/16
 17702 | Lair:4   | Noticed Kirke
 17855 | Lair:4   | Killed Kirke
 18237 | Lair:4   | Found a staircase to the Slime Pits.
 18622 | Lair:5   | Entered Level 5 of the Lair of Beasts
 18637 | Lair:5   | Reached **** piety under Makhleb
 20176 | Lair:5   | Reached skill level 10 in Invocations
 20181 | Lair:5   | Reached skill level 1 in Shields
 20298 | Lair:5   | Reached ***** piety under Makhleb
 20694 | Lair:5   | Reached XP level 14. HP: 75/115 MP: 21/21
 20880 | Lair:5   | Reached skill level 5 in Shields
 21450 | Lair:5   | Lost mutation: You possess an exceptional clarity of mind.
                  | [potion of mutation]
 21450 | Lair:5   | Lost mutation: Your spells are a little harder to cast, but
                  | a little more powerful. [potion of mutation]
 21450 | Lair:5   | Lost mutation: You passively dampen the noise of your
                  | surroundings. [potion of mutation]
 21450 | Lair:5   | Gained mutation: Your flesh is heat resistant. (rF+)
                  | [potion of mutation]
 21450 | Lair:5   | Gained mutation: You occasionally shout uncontrollably at
                  | your foes. [potion of mutation]
 21451 | Lair:5   | Lost mutation: You occasionally shout uncontrollably at
                  | your foes. [potion of mutation]
 21451 | Lair:5   | Lost mutation: Your flesh is heat resistant. (rF+) [potion
                  | of mutation]
 21451 | Lair:5   | Gained mutation: Your magical capacity is low. (-10% MP)
                  | [potion of mutation]
 21451 | Lair:5   | Gained mutation: Your magical capacity is very low. (-20%
                  | MP) [potion of mutation]
 21451 | Lair:5   | Gained mutation: You are resistant to electric shocks.
                  | (rElec) [potion of mutation]
 21452 | Lair:5   | Lost mutation: You are resistant to electric shocks.
                  | (rElec) [potion of mutation]
 21452 | Lair:5   | Lost mutation: Your magical capacity is very low. (-20% MP)
                  | [potion of mutation]
 21452 | Lair:5   | Gained mutation: Your magical capacity is very low. (-20%
                  | MP) [potion of mutation]
 21452 | Lair:5   | Gained mutation: You have supernaturally acute eyesight.
                  | (SInv) [potion of mutation]
 21452 | Lair:5   | Gained mutation: Your mind is acute. (Int +4, Str/Dex -1)
                  | [potion of mutation]
 22442 | D:10     | Entered Level 10 of the Dungeon
 22745 | D:10     | Noticed Erolcha
 22761 | D:10     | Killed Erolcha
 23012 | D:10     | Noticed Grum
 23031 | D:10     | Killed Grum
 23319 | D:11     | Found Wunun's Weapon Emporium.
 23324 | D:11     | Noticed Josephine
 23336 | D:11     | Killed Josephine
 23993 | D:11     | Reached ****** piety under Makhleb
 24001 | D:11     | Found Rateh's Antique Armour Boutique.
 24009 | D:11     | Bought a faintly humming plate armour for 868 gold pieces
 24009 | D:11     | Identified the +6 plate armour of the Armadillo {rN+ Will+
                  | Int+3 SInv} (You bought it in a shop on level 11 of the
                  | Dungeon)
 24474 | D:11     | Found Vicil's Book Emporium.
 24476 | D:11     | Found Domn's Book Shoppe.
 24626 | D:12     | Found a staircase to the Orcish Mines.
 24649 | Orc:1    | Entered Level 1 of the Orcish Mines
 24734 | Orc:2    | Entered Level 2 of the Orcish Mines
 24735 | Orc:2    | Found a staircase to the Elven Halls.
 25045 | Orc:2    | Found Alergh's Antique Weapon Shoppe.
 25472 | Orc:2    | Reached skill level 10 in Armour
 25563 | Orc:2    | Found Quhi Zea's Armour Shop.
 25563 | Orc:2    | Found Lasykonu's Magic Scroll Shoppe.
 25565 | Orc:2    | Found Neddi's Distillery.
 25567 | Orc:2    | Found Vaty's Armour Boutique.
 25572 | Orc:2    | Bought a scroll of fear for 44 gold pieces
 25572 | Orc:2    | Bought a scroll of enchant armour for 82 gold pieces
 25574 | Orc:2    | Bought a potion of might for 72 gold pieces
 25574 | Orc:2    | Bought a potion of curing for 54 gold pieces
 25574 | Orc:2    | Bought a potion of might for 72 gold pieces
 25574 | Orc:2    | Bought a potion of might for 72 gold pieces
 25574 | Orc:2    | Bought a potion of curing for 54 gold pieces
 25574 | Orc:2    | Bought a potion of curing for 54 gold pieces
 25753 | Orc:2    | Gained mutation: You are frail. (-10% HP) [a neqoxec]
 26523 | D:12     | Found an ancient bone altar of Kikubaaqudgha.
 27051 | D:12     | Noticed Nessos
 27054 | D:12     | Noticed Psyche
 27059 | D:12     | Killed Psyche
 27070 | D:12     | Killed Nessos
 27351 | D:12     | Noticed Gastronok
 27372 | D:12     | Killed Gastronok
 27590 | D:12     | Reached XP level 15. HP: 103/108 MP: 18/18
 28123 | D:13     | You fall into a shaft and drop 2 floors!
 28123 | D:15     | Entered Level 15 of the Dungeon
 28188 | D:14     | Found a gate to the Vaults.
 31137 | Slime:1  | Entered Level 1 of the Pits of Slime
 31140 | Slime:1  | Noticed a rockslime
 31155 | Slime:1  | Noticed an acid blob
 31155 | Slime:1  | Noticed an acid blob
 31161 | Lair:4   | Killed a rockslime
 31461 | Elf:1    | Entered Level 1 of the Elven Halls
 31624 | Elf:1    | Noticed Foybonoth's ghost (adept MiFi)
 31625 | Elf:1    | Found a transporter.
 31636 | Elf:1    | Found a transporter.
 33157 | Elf:2    | Identified the +10 short sword of Infection {vamp, Str+4}
 33178 | Elf:2    | Found Xaokh's Weapon Shoppe.
 33386 | Elf:2    | Paralysed by an air elemental for 1 turns
 33387 | Elf:2    | Noticed a deep elf sorcerer
 33390 | Elf:2    | Noticed a deep elf sorcerer
 33419 | Elf:2    | Killed a deep elf sorcerer
 33428 | Elf:2    | Killed a deep elf sorcerer
 33458 | Elf:2    | Gained mutation: Your hexes are more powerful. [demonic
                  | ancestry]
 33458 | Elf:2    | Reached XP level 16. HP: 38/114 MP: 21/21
 34293 | Elf:2    | Identified the +5 morningstar "Acarineslayer" {pain, SInv}
 34295 | Elf:2    | Found a runed translucent gate.
 34295 | Elf:2    | Found a runed translucent gate.
 34295 | Elf:2    | Found a runed translucent gate.
 34916 | Elf:2    | Slain by a deep elf knight

Illustrated notes

Levels and vault maps discovered:
D:1:      scummos_arrival_checkerplants, layout_basic
D:2:      layout_basic
D:3:      layout_loops_corners
D:4:      kennysheep_kobold_camp, layout_loops_corners,
          overflow_temple_1_default, minmay_temple_entry_from_below_a
D:5:      layout_loops_ring, enter_ossuary_1
D:6:      layout_basic
D:7:      layout_basic, hangedman_feature_mirror
D:8:      layout_basic, ashenzari_altar_1, dpeg_lair_monsters
D:9:      layout_basic
D:10:     layout_irregular_city, uniq_erolcha, uniq_grum
D:11:     layout_cave_pools, serial_bayou, serial_bayou_ford_a,
          serial_bayou_pond_e, serial_bayou_pond_d, serial_bayou_lake_a,
          serial_bayou_lagoon_a, serial_bayou_pond_e, serial_shops, shop,
          nicolae_shop_hallway_stairs, kennysheep_little_box, shop_statue,
          uniq_josephine
D:12:     layout_long_grid, orc_0_dummy, kiku_gazebo_garden_becter, uniq_nessos,
          uniq_psyche, uniq_gastronok
D:13:     layout_gridville
D:14:     layout_gridville, david_vaults_2, special_room
          [special_room_mythical_zoo]
D:15:     gammafunk_enter_depths_forms, layout_loops_corners, nicolae_sextant
Temple:   mainiacjoe_temple_cubbyholes
Lair:1:   layout_layer_cave, infiniplex_staircase_pool_2, grunt_megastairs_5,
          uniq_maggie, uniq_harold
Lair:2:   layout_chaotic_city, minmay_shoals_entry_centaurs,
          gauntlet_entry_generic
Lair:3:   nzn_winding_woodlands_cross [nzn_winding_woodlands_5x15_pool,
          nzn_winding_woodlands_5x15_cabin, nzn_winding_woodlands_5x15_crooked,
          nzn_winding_woodlands_5x15_sidewinder,
          nzn_winding_woodlands_15x15_thick_spiral], layout_misc_corridors,
          spider_nest_entry_rubble, serial_bayou_shore_b, uniq_nergalle
Lair:4:   layout_small_grid, slime_entry_1, beast_lair_carwin_4,
          serial_bayou_shore_a, grunt_megastairs_2, infiniplex_staircase_pool,
          uniq_kirke
Lair:5:   evilmike_catoblepas_cave, layout_small_grid, minivault_26
Slime:1:  layout_caves
Orc:1:    layout_caves
Orc:2:    st_orc_rangers, layout_diamond_mine, serial_shops, shop, mines2_david
Elf:1:    elf_arrival_001, layout_gridlike, gammafunk_ghost_arena,
          hangedman_elven_crosses_minicolossus
Elf:2:    elven_hall_of_blades_hangedman_original [mumra_blade_entry_bloodbath],
          layout_geoelf_octagon, serial_shops,
          nicolae_shop_competitors_out_of_business, uniq_saint_roka

Skill      XL: |  1  2  3  4  5  6  7  8  9 10 11 12 13 14 15 16 |
---------------+-------------------------------------------------+-----
Stealth        | 1 2 |  2.0
Fighting       | 3 4 6 9 12 | 12.0
Short Blades   | 3 |  3.3
Maces & Flails | 3 4 6 8 10 12 14 | 14.0
Armour         | 2 5 6 9 11 14 | 14.0
Evocations     | 4 5 7 |  7.2
Dodging        | 6 |  6.0
Invocations    | 5 10 13 14 | 14.0
Shields        | 4 9 |  9.0
Throwing       | |  1.7

Action                     |  1- 3 |  4- 6 |  7- 9 | 10-12 | 13-15 | 16-18 || total
---------------------------+-------+-------+-------+-------+-------+-------++-------
  Melee: Rapier            |   122 |   107 |       |       |       |       ||   229
         Punch             |     1 |       |     6 |     4 |       |       ||    11
         Mace              |       |   122 |   109 |   502 |  1311 |   131 ||  2175
         Kick              |       |    30 |   141 |   214 |   517 |    38 ||   940
         Whip              |       |       |   258 |       |       |       ||   258
         Unarmed           |       |       |       |       |     1 |       ||     1
  Throw: Javelin           |     2 |       |     3 |     1 |       |       ||     6
         Throwing net      |       |       |     3 |     1 |     2 |       ||     6
 Invoke: Lesser Servant of |       |       |       |     2 |       |       ||     2
         Greater Servant o |       |       |       |       |       |     1 ||     1
  Evoke: Wand              |     3 |       |     2 |     1 |     3 |       ||     9
         Phial of floods   |       |       |       |       |     1 |       ||     1
    Use: Scroll            |     3 |     5 |    10 |    11 |     4 |     1 ||    34
         Potion            |       |     3 |     4 |     8 |     6 |     1 ||    22
   Stab: Sleeping          |       |     3 |     6 |     1 |       |       ||    10
         Held in net/web   |       |       |     2 |     2 |       |       ||     4
         Invisible         |       |       |       |     4 |       |       ||     4
         Distracted        |       |       |       |     1 |       |       ||     1
         Fleeing           |       |       |       |       |     1 |       ||     1
         Petrifying        |       |       |       |       |     1 |       ||     1
 Armour: Leather armour    |    83 |     8 |       |       |       |       ||    91
         Ring mail         |       |    96 |   123 |    66 |       |       ||   285
         Scale mail        |       |       |       |   123 |   193 |       ||   316
         Plate armour      |       |       |       |       |   363 |    68 ||   431
  Dodge: Dodged            |   161 |   156 |   197 |   269 |   455 |    25 ||  1263
  Block: Other             |       |       |       |    28 |       |       ||    28
         Buckler           |       |       |       |    82 |   605 |    38 ||   725

Table legend: (Time is in decaauts)
 A = Elapsed time spent in this place.
 B = Non-inter-level travel time spent in this place.
 C = Inter-level travel time spent in this place.
 D = Time resting spent in this place.
 E = Time spent auto-exploring this place.
 F = Levels seen in this place.
 G = Mean time per level.
                   A        B        C        D        E       F      G
               +--------+--------+--------+--------+--------+-----+--------+
         Total |  34608 |  33177 |   1431 |  10098 |  17738 |  28 | 1236.0 |
       Dungeon |  17622 |  16759 |    863 |   4212 |   9749 |  15 | 1174.8 |
        Temple |    353 |    290 |     63 |      0 |    289 |   1 |  353.0 |
          Lair |  10183 |   9831 |    352 |   3490 |   5068 |   5 | 2036.6 |
    Slime Pits |     20 |     20 |      0 |      0 |      0 |   1 |   20.0 |
  Orcish Mines |   1735 |   1640 |     95 |    398 |    942 |   2 |  867.5 |
   Elven Halls |   3348 |   3294 |     54 |   1389 |   1296 |   2 | 1674.0 |
       Ossuary |    262 |    262 |      0 |      0 |    178 |   1 |  262.0 |
      Gauntlet |   1083 |   1083 |      0 |    609 |    215 |   1 | 1083.0 |
               +--------+--------+--------+--------+--------+-----+--------+

Top non-repeatable levels by time:
  Lair:5: 2371 daAuts
  Lair:1: 2358 daAuts
  Lair:3: 2288 daAuts
     D:7: 2167 daAuts
   Elf:2: 1712 daAuts
   Elf:1: 1636 daAuts
     D:6: 1600 daAuts
  Lair:2: 1585 daAuts
  Lair:4: 1580 daAuts
    D:11: 1552 daAuts
   Orc:2: 1434 daAuts
    D:12: 1279 daAuts
     D:8: 1236 daAuts
    D:13: 1222 daAuts
     D:4: 1214 daAuts
